 Dungeon Crawl Stone Soup version 0.30-a0-800-g7c544603b3 (webtiles) character file.

Game seed: 10871178943735321972

8115 Newt the Skirmisher (level 11, -1/61 HPs)
             Began as a Kobold Hunter on Feb 21, 2023.
             Was a Believer of Hepliaklqana.
             Slain by a freezing wraith (15 damage)
             ... on level 9 of the Dungeon.
             The game lasted 00:15:34 (12119 turns).

Newt the Skirmisher (Kobold Hunter)                Turns: 12119, Time: 00:15:35

Health: -1/61      AC:  8    Str:  8    XL:     11   Next: 49%
Magic:  18/18      EV: 17    Int: 11    God:    Hepliaklqana [**....]
Gold:   545        SH:  0    Dex: 23    Spells: 18/20 levels left

rFire   . . .      SeeInvis .    a - +1 shortbow
rCold   . . .      Faith    .    (shield currently unavailable)
rNeg    . . .      Spirit   .    n - +0 acid dragon scales
rPois   .          Reflect  .    (no helmet)
rElec   .          Harm     .    (no cloak)
rCorr   +          Rampage  .    k - +0 pair of gloves
Will    .....                    (no boots)
Stlth   +++                      (no amulet)
HPRegen 0.30/turn                w - ring of wizardry
MPRegen 0.16/turn                u - ring of flight

@: flying, slowed, very slow
A: reduced essence, small, no large weapons, nightstalker 3
a: Renounce Religion, Recall Ancestor, Ancestor Identity


You were on level 9 of the Dungeon.
You worshipped Hepliaklqana.
Hepliaklqana was pleased with you.
You visited 2 branches of the dungeon, and saw 10 of its levels.
You also visited: Sewer.

You collected 545 gold pieces.

Inventory:

Hand Weapons
 a - a +1 shortbow (weapon)
Missiles
 A - a throwing net
Armour
 c - a +0 leather armour
 k - a +0 pair of gloves (worn)
 n - +0 acid dragon scales (worn)
 B - the +5 ring mail "Zanilus" {rPois rCorr}
   (You found it on level 9 of the Dungeon)

   rPois:     It protects you from poison.
   rCorr:     It protects you from acid and corrosion.
Jewellery
 m - a +6 ring of intelligence
 p - a ring of protection from cold
 t - a ring of protection from cold
 u - a ring of flight (right hand)
 w - a ring of wizardry (left hand)
 C - a ring of protection from fire
 G - a ring of protection from cold
Wands
 s - a wand of flame (41)
 v - a wand of iceblast (12)
 z - a wand of polymorph (11)
 F - a wand of paralysis (6)
Scrolls
 b - 3 scrolls of immolation
 f - 3 scrolls of vulnerability
 j - 5 scrolls of identify
 l - 2 scrolls of silence
 q - 2 scrolls of magic mapping
 y - 4 scrolls of amnesia
 D - a scroll of enchant weapon
Potions
 d - 3 potions of magic
 e - 5 potions of brilliance
 g - 2 potions of might
 i - 3 potions of degeneration
 o - a potion of lignification
 r - 5 potions of attraction
 x - a potion of flight


   Skills:
 - Level 8.0 Fighting
 + Level 14.0 Ranged Weapons
 - Level 5.0 Armour
 - Level 6.0 Dodging
 - Level 1.3 Stealth
 - Level 5.1 Spellcasting
 - Level 5.1 Transmutations
 - Level 3.1 Invocations
 - Level 5.0 Evocations


You had 18 spell levels left.
You knew the following spells:

 Your Spells              Type           Power      Damage    Failure   Level
a - Wereblood             Tmut           14%        N/A       2%          2

Your spell library contained the following spells:

 Spells                   Type           Power      Damage    Failure   Level
 Shock                    Conj/Air       8%         1d3       14%         1
 Lesser Beckoning         Tloc           4%         N/A       21%         2
 Sublimation of Blood     Necr           2%         N/A       21%         2
 Gell's Gravitas          Tloc           2%         N/A       38%         3
 Swiftness                Air            2%         N/A       38%         3
 Teleport Other           Tloc           2%         N/A       38%         3
 Airstrike                Air            1%         2d(1-17)  77%         4
 Animate Dead             Necr           2%         N/A       77%         4
 Borgnjor's Vile Clutch   Necr/Erth      1%         N/A       98%         5
 Death Channel            Necr           1%         N/A       100%        6
 Summon Hydra             Summ           1%         N/A       100%        7


Dungeon Overview and Level Annotations

Branches:
Dungeon (9/15)             Temple (1/1) D:5           Sewer (visited)
   Lair: D:8-11         Orc: D:9-12

Altars:
Ashenzari
Cheibriados
Dithmenos
Elyvilon
Fedhas
Gozag
Hepliaklqana
Kikubaaqudgha
Makhleb
Nemelex Xobeh
Okawaru
Qazlal
Ru
Sif Muna
Trog
Uskayaw
Vehumet
Wu Jian
Xom
Yredelemnul
Zin
The Shining One

Shops:
D:2 :   D:5 *   D:9 (

Annotations:
D:6 2 transporters
D:8 3 runed translucent doors, exclusion: orange crystal statue


Innate Abilities, Weirdness & Mutations

Your life essence is reduced to manifest your ancestor. (-10% HP)
You are small and have problems with some larger weapons.
You are completely attuned to the shadows.


Message History

The freezing wraith hits your butterfly!
Your butterfly dies!
Your butterfly disappears in a burst of colours!
You swap places.
The freezing wraith closely misses your butterfly. x2
The freezing wraith hits your butterfly!
Your butterfly dies!
Your butterfly disappears in a burst of colours!
Something bites your butterfly!
Your butterfly dies!
Your butterfly disappears in a burst of colours!
You swap places.
The freezing wraith hits something!
The freezing wraith hits your butterfly.
Your butterfly dies!
Your butterfly disappears in a burst of colours!
You swap places.
The freezing wraith closely misses your butterfly.
The freezing wraith hits your butterfly!
Your butterfly dies!
Your butterfly disappears in a burst of colours!
The freezing wraith hits your butterfly!
Your butterfly dies!
Your butterfly disappears in a burst of colours!
There is an open door here.
You swap places.
You swap places.
Something barely misses your butterfly.
Something completely misses your butterfly.
There is an open door here.
Your primal bloodlust is almost over.
You howl as the wereblood boils in your veins!
There is an open door here.
You howl as the wereblood boils in your veins!
The freezing wraith attacks as you move away!
The freezing wraith closely misses you. The freezing wraith misses you.
Your primal bloodlust has ended.
The freezing wraith hits you!
* * * LOW HITPOINT WARNING * * *
The freezing wraith freezes you!
You die...

.....##......)....)......## #...
.....###..............)...# #...
...#...##.......))).......# #.#~
####.........)..R.........####.#~
#.############'##...........##
#.# #)..#......#....## ####.#
#...#......####..# (..#.#
bT.#b..#...##...###.. .....#
..##@..#............# .....#
.)##W.##............#
.....#######.###W.#...#.........#
#.##.#.b.bWW##.#..#.............#
..##.#.b.bb##..'.##.............#
..##.#...###...#.##.............#
.....##'#####'#####...#.....#####
.....#.........####...#.....#
..R#>#...b...####.....#.....#


You could see 2 freezing wraiths.

Vanquished Creatures
  Pikel (D:6)
  A wizard (D:9)
  A cyclops (D:9)
  A tengu conjurer (D:9)
  A komodo dragon (D:7)
  Grinder (D:6)
  8 yaks (D:9)
  A basilisk (D:9)
  An acid dragon (D:8)
  2 water moccasins
  An orc warrior (D:9)
  A black bear (D:6)
  Pargi (Sewer)
  2 ice beasts
  3 ogres
  A centaur (D:9)
  2 phantoms
  A lemure (D:6)
  6 kobold brigands
  Blork the orc (D:5)
  2 scorpions
  2 bullfrogs
  3 gnoll sergeants
  3 killer bees (D:9)
  5 howler monkeys
  An electric eel (D:8)
  4 crimson imps (D:6)
  A lava snake (D:7)
  A quasit (D:5)
  5 hounds
  3 orc priests
  A jelly (D:5)
  2 iguanas
  A gnoll bouda (D:9)
  7 orc wizards
  Ijyb (D:5)
  22 gnolls
  12 adders
  4 shadow imps
  6 white imps
  3 ufetubi (D:5)
  3 worms
  2 dart slugs (D:4)
  15 orcs
  A bat zombie (D:7)
  4 endoplasms
  5 giant cockroaches
  5 goblins
  2 hobgoblins
  3 jackals (D:1)
  3 quokkas
  2 ball pythons
  5 bats
  4 frilled lizards
  26 kobolds
  3 rats
  A rat zombie (D:7)
210 creatures vanquished.

Vanquished Creatures (collateral kills)
  An ugly thing (D:9)
  A wolf spider (D:9)
  A steam dragon (D:7)
  A water moccasin (D:9)
  A howler monkey (D:8)
  A hound (D:7)
  2 gnolls (D:9)
  An orc (D:7)
  3 kobolds
12 creatures vanquished.

Vanquished Creatures (others)
  8 ancestors
  2 knights (D:9)
  An orc (D:8)
  A quokka (D:9)
  A demonic plant (D:5)
13 creatures vanquished.

Grand Total: 235 creatures vanquished

Notes
Turn   | Place    | Note
-------+----------+-------------------------------------------
     0 | D:1      | Newt the Kobold Hunter began the quest for the Orb.
     0 | D:1      | Reached XP level 1. HP: 12/12 MP: 1/1
   214 | D:1      | Reached XP level 2. HP: 16/18 MP: 2/2
   279 | D:1      | Found a faded altar of an unknown god.
   808 | D:2      | Reached XP level 3. HP: 10/24 MP: 3/3
   998 | D:2      | Reached XP level 4. HP: 30/30 MP: 4/4
  1318 | D:2      | Found Xuxollati's Book Emporium.
  1941 | D:3      | Reached skill level 5 in Fighting
  1941 | D:3      | Reached XP level 5. HP: 27/35 MP: 5/5
  2013 | D:3      | Reached skill level 6 in Ranged Weapons
  2934 | D:4      | Reached skill level 7 in Ranged Weapons
  2936 | D:4      | Reached XP level 6. HP: 24/40 MP: 6/6
  3094 | D:4      | Found a glowing drain.
  3105 | Sewer    | Entered a sewer
  3273 | Sewer    | Noticed Pargi
  3289 | Sewer    | Killed Pargi
  3290 | Sewer    | Reached skill level 8 in Ranged Weapons
  3782 | D:4      | Reached skill level 9 in Ranged Weapons
  3782 | D:4      | Reached XP level 7. HP: 32/44 MP: 7/7
  4104 | D:4      | Found a sacrificial altar of Ru.
  4130 | D:4      | Reached skill level 10 in Ranged Weapons
  4284 | D:4      | Found a sparkling altar of Nemelex Xobeh.
  4492 | D:5      | Entered Level 5 of the Dungeon
  4492 | D:5      | Noticed Blork the orc
  4498 | D:5      | Killed Blork the orc
  4499 | D:5      | Reached XP level 8. HP: 39/49 MP: 8/8
  4554 | D:5      | Reached skill level 5 in Dodging
  4739 | D:5      | Identified the +4 ring mail "Ruod" {Will+ Str-2 Int+2 SInv
                  | Stlth+}
  4755 | D:5      | Noticed Ijyb
  4766 | D:5      | Killed Ijyb
  4832 | D:5      | Reached skill level 1 in Evocations
  5111 | D:5      | Found Qyeni Kawen's Fire Supplies.
  5428 | D:5      | Reached skill level 5 in Evocations
  5914 | D:5      | Found a staircase to the Ecumenical Temple.
  5931 | Temple   | Entered the Ecumenical Temple
  6160 | Temple   | Became a worshipper of Hepliaklqana the Forgotten
  6189 | D:5      | HP: 2/50 [water moccasin (3)]
  6193 | D:5      | Reached XP level 9. HP: 9/55 MP: 9/9
  6841 | D:6      | Noticed Grinder
  6855 | D:6      | Paralysed by Grinder for 2 turns
  6855 | D:6      | Noticed Pikel
  6874 | D:6      | Killed Pikel
  6875 | D:6      | Reached skill level 11 in Ranged Weapons
  6880 | D:6      | Killed Grinder
  7156 | D:6      | Found a bloodstained altar of Trog.
  7262 | D:6      | Found a transporter.
  7533 | D:6      | Reached skill level 12 in Ranged Weapons
  7554 | D:6      | Found a transporter.
  7871 | D:6      | Found a shimmering altar of Xom.
  8005 | D:7      | Found a basalt altar of Yredelemnul.
  8035 | D:7      | Reached XP level 10. HP: 57/64 MP: 10/10
  8093 | D:7      | Found a broken altar of Ashenzari.
  8131 | D:7      | Reached * piety under Hepliaklqana
  8143 | D:7      | Reached skill level 13 in Ranged Weapons
  8266 | D:7      | Found a glowing silver altar of Zin.
  8762 | D:7      | Noticed a komodo dragon
  8773 | D:7      | Killed a komodo dragon
  8774 | D:7      | Reached skill level 14 in Ranged Weapons
  8774 | D:7      | Reached skill level 1 in Armour
  8775 | D:7      | Found a sacrificial altar of Ru.
  8969 | D:7      | Found an ancient bone altar of Kikubaaqudgha.
  9321 | D:8      | Noticed an orange crystal statue
 10134 | D:8      | Found a runed translucent gate.
 10134 | D:8      | Found a runed translucent gate.
 10135 | D:8      | Found a runed translucent gate.
 10137 | D:8      | Found an opulent altar of Gozag.
 10940 | D:9      | Identified the +5 ring mail "Zanilus" {rPois rCorr}
 10984 | D:9      | Reached skill level 5 in Armour
 10992 | D:9      | Reached skill level 1 in Invocations
 11132 | D:9      | Learned a level 2 spell: Wereblood
 11170 | D:9      | Reached skill level 1 in Spellcasting
 11170 | D:9      | Reached skill level 1 in Transmutations
 11170 | D:9      | Reached XP level 11. HP: 61/61 MP: 13/13
 11360 | D:9      | Reached ** piety under Hepliaklqana
 11361 | D:9      | Remembered your ancestor Cipactli as a knight
 11445 | D:9      | Found Tienawke's Weapon Boutique.
 11523 | D:9      | Found a white marble altar of Elyvilon.
 11639 | D:9      | Noticed a brown ugly thing
 11639 | D:9      | Noticed a centaur warrior
 11639 | D:9      | Noticed a wizard
 11671 | D:9      | Killed a brown ugly thing
 11863 | D:9      | Killed a wizard
 11927 | D:9      | Noticed a wolf spider
 11932 | D:9      | Killed a wolf spider
 11997 | D:9      | Noticed a cyclops
 12007 | D:9      | Killed a cyclops
 12008 | D:9      | Reached skill level 5 in Spellcasting
 12008 | D:9      | Reached skill level 5 in Transmutations
 12092 | D:9      | Noticed a deep troll
 12119 | D:9      | Slain by a freezing wraith

Illustrated notes

Levels and vault maps discovered:
D:1:      giann_bridges, layout_rooms, chequers_ecumenical_altar_twisty,
          minivault_27, kennysheep_decorative_pillar
D:2:      layout_loops_cross, serial_shops, shop, nicolae_figureground_pulse
D:3:      layout_loops_corners
D:4:      layout_gridville, mainiacjoe_overflow_six_doors_small,
          nemelex_xobeh_ov_fountains_minmay, portal_sewer_entry_d,
          grunt_ministairs_15
D:5:      layout_loops_ring, temple_green, serial_demonic, serial_demonic_b,
          serial_demonic_g, serial_demonic_a, serial_demonic_d, nicolae_sextant,
          nicolae_shop_fire_sale [nicolae_sub_dead_trees], uniq_ijyb,
          uniq_blork_the_orc
D:6:      gammafunk_cloud_chamber, layout_loops_cross,
          mainiacjoe_overflow_boulevard, led_xom_imps, serial_glass,
          glass_columns_a, glass_columns_b, uniq_pikel, uniq_grinder
D:7:      layout_rooms, cheibrodos_ashenzari_chains, zin_statuary,
          lemuel_zombie_altar_kikubaaqudgha, hangedman_feature_mirror,
          kennysheep_dice
D:8:      statuecave_lemuel, layout_loops_ring, ebering_ghost_gozag
D:9:      minmay_sliced_demisemicircle, layout_rooms, elyvilon_altar_4,
          serial_shops, nicolae_stop_n_shop_2
Temple:   eino_narrow_crystal_temple

Skill      XL: |  1  2  3  4  5  6  7  8  9 10 11 |
---------------+----------------------------------+-----
Fighting       | 3 4 5 6 8 |  8.0
Ranged Weapons | 7 9 10 12 14 | 14.0
Dodging        | 4 6 |  6.0
Evocations     | 5 |  5.0
Armour         | 5 |  5.0
Invocations    | 3 |  3.1
Spellcasting   | 1 5 |  5.1
Transmutations | 1 5 |  5.1
Stealth        | |  1.3

Action                     |  1- 3 |  4- 6 |  7- 9 | 10-12 || total
---------------------------+-------+-------+-------+-------++-------
  Melee: Shortbow          |       |       |       |     3 ||     3
   Fire: Shortbow          |    51 |   134 |   290 |   366 ||   841
   Cast: Wereblood         |       |       |       |     2 ||     2
 Invoke: Recall Ancestor   |       |       |       |     1 ||     1
         Ancestor Life: Kn |       |       |       |     1 ||     1
  Evoke: Wand              |       |       |     2 |       ||     2
    Use: Scroll            |     4 |     6 |     4 |     9 ||    23
         Potion            |     4 |     1 |     2 |     3 ||    10
 Armour: Leather armour    |    11 |    24 |    18 |    14 ||    67
         Acid dragon scale |       |       |       |    23 ||    23
  Dodge: Dodged            |    21 |    80 |   134 |   155 ||   390

Table legend: (Time is in decaauts)
 A = Elapsed time spent in this place.
 B = Non-inter-level travel time spent in this place.
 C = Inter-level travel time spent in this place.
 D = Time resting spent in this place.
 E = Time spent auto-exploring this place.
 F = Levels seen in this place.
 G = Mean time per level.
                   A        B        C        D        E       F      G
               +--------+--------+--------+--------+--------+-----+--------+
         Total |  12131 |  11821 |    310 |   2831 |   7432 |  11 | 1102.8 |
       Dungeon |  11449 |  11180 |    269 |   2619 |   7072 |   9 | 1272.1 |
        Temple |    244 |    203 |     41 |      0 |    193 |   1 |  244.0 |
         Sewer |    437 |    437 |      0 |    212 |    167 |   1 |  437.0 |
               +--------+--------+--------+--------+--------+-----+--------+

Top non-repeatable levels by time:
     D:5: 1809 daAuts
     D:6: 1714 daAuts
     D:8: 1642 daAuts
     D:9: 1434 daAuts
     D:4: 1161 daAuts
     D:3: 1080 daAuts
     D:2: 1060 daAuts
     D:1: 794 daAuts
     D:7: 752 daAuts
   Sewer: 437 daAuts
  Temple: 244 daAuts
